 Dungeon Crawl Stone Soup version 0.25-a0-927-g39f137c8b7 (webtiles) character file.

Game seed: 12558749231800907578, levelgen mode: deterministic

51 Maedhros the Sneak (level 3, -1/23 HPs)
             Began as an Octopode Artificer on May 3, 2020.
             Hit by a goblin thrown by Robin (2 damage)
             ... on level 2 of the Dungeon.
             The game lasted 00:01:08 (923 turns).

Maedhros the Sneak (Octopode Artificer)              Turns: 923, Time: 00:01:09

Health: -1/23      AC:  1    Str: 11    XL:     3   Next: 81%
Magic:  5/5        EV: 13    Int: 13    God:
Gold:   67         SH:  0    Dex: 13    Spells: 2/2 levels left

rFire    . . .     SeeInvis .   a - +0 short sword
rCold    . . .     Gourm    .   (no shield)
rNeg     . . .     Faith    .   (helmet restricted)
rPois    .         Spirit   .   (no amulet)
rElec    .         Reflect  .   (no ring)
rCorr    .         Harm     .   (no ring)
MR       .....                  (no ring)
Stlth    +++.......             (no ring)
HPRegen  0.07/turn              (no ring)
MPRegen  0.09/turn              (no ring)
                                (no ring)
                                (no ring)

@: no status effects
A: almost no armour, stealthy swim, amphibious, 8 rings, constrict 8, camouflage
1, gelatinous body 1
a: no special abilities


You were on level 2 of the Dungeon.
You were not hungry.

You visited 1 branch of the dungeon, and saw 2 of its levels.

You collected 67 gold pieces.

Inventory:

Hand Weapons
 a - a +0 short sword (weapon)
Missiles
 g - 2 stones (quivered)
 k - 10 poisoned darts
Wands
 b - a wand of flame (15)
 c - a wand of enslavement (15)
 d - a wand of random effects (15)
Scrolls
 e - 2 scrolls of random uselessness {unknown}
 h - a scroll of immolation {unknown}
 i - a scroll of identify {unknown}
 j - a scroll of teleportation {unknown}
Comestibles
 f - 4 rations


   Skills:
 - Level 1.0 Fighting
 - Level 1.0 Short Blades
 - Level 2.0 Dodging
 - Level 4.0 Stealth
 + Level 2.0 Unarmed Combat
 - Level 3.2 Evocations


You had 2 spell levels left.
You didn't know any spells.
Your spell library was empty.

Dungeon Overview and Level Annotations

Branches:
Dungeon (2/15)

Altars:

Annotations:
D:2 Robin


Innate Abilities, Weirdness & Mutations

You cannot wear most types of armour.
You are very stealthy in the water. (Stealth+)
You are amphibious.
You can wear up to eight rings at the same time.
You can use your tentacles to constrict eight enemies at once.
Your skin changes colour to match your surroundings (Stealth+).
Your rubbery body absorbs attacks. (AC +1, EV +1)


Message History

Things that are here:
a +0 hunting sling; a +0 club; 13 stones The hobgoblin no longer looks unusually strong.
The goblin no longer looks unusually strong.
The goblin no longer looks unusually strong. x2
Robin says, "Kneel, worm!"
Robin throws the goblin at you! The goblin hits you with a +0 club.
* * * LOW HITPOINT WARNING * * *
You hit the goblin but do no damage. You grab the goblin.
You constrict the goblin.
The goblin no longer looks unusually strong.
The frilled lizard bites you but does no damage.
The rat twitches its whiskers.
The goblin hits you with a +0 dagger.
* * * LOW HITPOINT WARNING * * *
The goblin hits you with a +0 club.
* * * LOW HITPOINT WARNING * * *
You aren't carrying any potions.
You release your grip on the goblin.
Robin throws the goblin at you!
You die...

#. #...####.#. #.
#.....†.. #.#
###...... ..
#####.((..## #.
###g..g.....## #.##
#.gg###)......
#gg###(####..###.##
#.ggg......## #..#
#@l..g.)...# ....
#g......?..## .###
..............#
.....#r........#
.........#..#####
.........!....
......#####...#
...... ##.#


You could see Robin, 2 hobgoblins, 6 goblins, a frilled lizard and a rat.

Vanquished Creatures
  An adder (D:2)
  A dart slug (D:1)
  2 leopard geckos (D:1)
  3 giant cockroaches (D:1)
  5 goblins
  4 hobgoblins (D:1)
  2 ball pythons (D:1)
  8 bats
  A frilled lizard (D:1)
  5 kobolds (D:1)
  3 rats (D:1)
35 creatures vanquished.

Notes
Turn   | Place    | Note
-------+----------+-------------------------------------------
     0 | D:1      | Maedhros the Octopode Artificer began the quest for the
                  | Orb.
     0 | D:1      | Reached XP level 1. HP: 13/13 MP: 3/3
    69 | D:1      | Reached skill level 2 in Stealth
    86 | D:1      | Reached XP level 2. HP: 10/18 MP: 4/4
    95 | D:1      | Reached skill level 3 in Stealth
   350 | D:1      | Reached skill level 4 in Stealth
   356 | D:1      | Reached XP level 3. HP: 19/23 MP: 5/5
   647 | D:1      | Reached skill level 1 in Unarmed Combat
   901 | D:2      | Noticed Robin
   922 | D:2      | HP: 1/23 [goblin/+0 club[Robin] (1)]
   923 | D:2      | Hit by a goblin thrown by Robin

Levels and vault maps discovered:
D:1:      psy_arrival_basics, layout_rooms, hangedman_feature_mirror
D:2:      layout_rooms, gammafunk_temple_overflow_statue, st_stairs_13,
          uniq_jessica, uniq_robin

Skill      XL: |  1  2  3 |
---------------+----------+-----
Stealth        | 2 4 |  4.0
Unarmed Combat | 2 |  2.0
Fighting       | |  1.0
Short Blades   | |  1.0
Dodging        | |  2.0
Evocations     | |  3.2

Action                   || total
-------------------------++-------
Melee: Short sword       ||    69
       Constrict         ||    23
       Tentacles         ||     7
       Punch             ||     1
 Stab: Sleeping          ||     5
Armor: Skin              ||    14
Dodge: Dodged            ||    62

Table legend:
 A = Non-vault XP
 B = Vault XP
 C = Vault XP percentage of total XP
 D = Non-vault monster count
 E = Vault monster count
 F = Vault count percentage of total count
                 A         B        C        D         E       F
            +---------+---------+-------+---------+---------+-------
      Total |      67 |       6 |   8.2 |      32 |       3 |   8.6
            +---------+---------+-------+---------+---------+-------
        D:1 |      52 |       0 |   0.0 |      30 |       0 |   0.0
        D:2 |      15 |       6 |  28.6 |       2 |       3 |  60.0
            +---------+---------+-------+---------+---------+-------
